 Dungeon Crawl Stone Soup version 0.30.0-29-ga12c61a403 (webtiles) character file.

Game seed: 16653746726885501060

100639 H0rd4k the Warrior (level 16, 0/137 HPs)
             Began as a Human Artificer on June 19, 2023.
             Was an Initiate of Gozag.
             Drowned by a water nymph (12 damage)
             ... on level 3 of the Lair of Beasts.
             The game lasted 01:17:14 (29955 turns).

H0rd4k the Warrior (Human Artificer)               Turns: 29955, Time: 01:17:15

Health: 0/137      AC: 19    Str: 30    XL:     16   Next: 80%
Magic:  40/40      EV: 11    Int: 21    God:    Gozag
Gold:   2055       SH:  0    Dex: 11    Spells: 27/37 levels left

rFire   + + .        J - +9 flail (vamp)
rCold   + . .        e - orb {guile}
rNeg    . . .        H - +0 chain mail "Vaenutyt" {Regen+}
rPois   +            M - +4 hat "Nyl Pehi" {rPois MP+9 Str+3 Dex-3}
rElec   .            G - scarf {rC+ rF+}
rCorr   .            n - +3 pair of gauntlets of War {Slay+5}
SInv    .            S - +2 pair of boots {rampage}
Will    .....        v - amulet "Piudgham" {rF+ Regen+ Str+4 Slay+3 Stlth+}
Stlth   +            s - +6 ring of strength
HPRegen 2.02/turn    T - +6 ring of intelligence
MPRegen 0.27/turn

%: rampage
@: very slow
A: no striking features
a: Renounce Religion, Potion Petition, Call Merchant, Bribe Branch


You were on level 3 of the Lair of Beasts.
You worshipped Gozag.
Gozag was most pleased with you.
You visited 5 branches of the dungeon, and saw 24 of its levels.
You also visited: Sewer, Gauntlet and Ice Cave.

You collected 9042 gold pieces.
You spent 2584 gold pieces at shops.
You paid 4403 gold pieces to Gozag.

Inventory:

Hand Weapons
 g - the +6 flail of H0rd4k's Peril {venom, Str+9 Dex-2}
   (You bought it in a shop on level 10 of the Dungeon)

   Str:       It affects your strength (+9).
   Dex:       It affects your dexterity (-2).
 J - a +9 vampiric flail (weapon)
Missiles
 a - 35 poisoned darts (quivered)
Armour
 e - an orb of guile (worn)
 f - a scarf of invisibility
 n - the +3 pair of gauntlets of War (worn) {Slay+5}
   (You acquired it on level 7 of the Dungeon)

   Slay:      It affects your accuracy & damage with ranged weapons and melee
   (+5).
 B - the +0 chain mail of Sloth {rPois Int+3}
   (You bought it in a shop on level 2 of the Orcish Mines)

   Int:       It affects your intelligence (+3).
   rPois:     It protects you from poison.
 G - a scarf of resistance (worn)
 H - the +0 chain mail "Vaenutyt" (worn) {Regen+}
   (You bought it in a shop on level 2 of the Dungeon)

   Regen:     It increases your rate of health regeneration.
 M - the +4 hat "Nyl Pehi" (worn) {rPois MP+9 Str+3 Dex-3}
   (You found it in a Gauntlet)

   Str:       It affects your strength (+3).
   Dex:       It affects your dexterity (-3).
   rPois:     It protects you from poison.
   MP:        It affects your magic capacity (+9).
 S - a +2 pair of boots of rampaging (worn)
Jewellery
 m - a ring of poison resistance
 s - a +6 ring of strength (left hand)
 u - an amulet of reflection
 v - the amulet "Piudgham" (around neck) {rF+ Regen+ Str+4 Slay+3 Stlth+}
   (You bought it in a shop on level 2 of the Orcish Mines)

   [amulet of regeneration]

   Str:       It affects your strength (+4).
   Slay:      It affects your accuracy & damage with ranged weapons and melee
   (+3).
   rF:        It protects you from fire.
   Regen:     It increases your rate of health regeneration.
   Stlth:     It makes you more stealthy.
 I - a ring of fire
 P - an amulet of guardian spirit
 Q - an amulet of magic regeneration
 T - a +6 ring of intelligence (right hand)
Wands
 y - a wand of roots (19)
 A - a wand of polymorph (24)
 N - a wand of flame (43)
 W - a wand of charming (10)
Scrolls
 b - 9 scrolls of identify
 i - 7 scrolls of fog
 j - 9 scrolls of immolation
 o - 8 scrolls of teleportation
 p - 7 scrolls of poison
 F - 2 scrolls of blinking
 L - 6 scrolls of amnesia
 U - a scroll of magic mapping
Potions
 c - 3 potions of haste
 d - a potion of resistance
 h - a potion of experience
 q - 5 potions of brilliance
 r - a potion of ambrosia
 t - 2 potions of invisibility
 w - 2 potions of cancellation
 x - 2 potions of curing
 z - 5 potions of flight
 C - 6 potions of attraction
 D - 3 potions of magic
 E - 3 potions of heal wounds
 O - 4 potions of degeneration
 R - 4 potions of might
Miscellaneous
 k - a box of beasts
 K - a piece from Xom's chessboard (15/15)
 Z - a lightning rod (4/4)


   Skills:
 + Level 15.7 Fighting
 + Level 15.6 Maces & Flails
 + Level 3.5 Throwing
 - Level 2.0 Armour
 + Level 7.6 Dodging
 + Level 4.4 Stealth
 + Level 7.3 Shields
 * Level 11.3 Spellcasting
 + Level 9.5 Hexes
 + Level 0.4 Ice Magic
 + Level 5.2 Earth Magic
 + Level 7.0 Evocations


You had 27 spell levels left.
You knew the following spells:

 Your Spells              Type           Power      Damage    Failure   Level
a - Tukima's Dance        Hex            51%        N/A       1%          3
b - Sandblast             Erth           68%        2d15      2%          1
c - Ensorcelled Hibernat  Hex/Ice        64%        N/A       4%          2
d - Leda's Liquefaction   Hex/Erth       21%        N/A       12%         4

Your spell library contained the following spells:

 Spells                   Type           Power      Damage    Failure   Level
 Dazzling Flash           Conj/Hex       62%        N/A       11%         3
 Portal Projectile        Hex/Tloc       62%        N/A       11%         3
 Summon Guardian Golem    Hex/Summ       31%        N/A       11%         3
 Passwall                 Tmut/Erth      18%        N/A       13%         2
 Freeze                   Ice            52%        1d6       21%         1
 Foxfire                  Conj/Fire      44%        2x1d6     26%         1
 Sting                    Tmut/Pois      44%        1d5       26%         1
 Stone Arrow              Conj/Erth      44%        3d9       26%         3
 Poisonous Vapours        Pois/Air       22%        N/A       36%         2
 Sublimation of Blood     Necr           11%        N/A       36%         2
 Frozen Ramparts          Ice            26%        1d4       52%         3
 Call Canine Familiar     Summ           11%        N/A       58%         3
 Ignite Poison            Fire/Tmut/Pois 11%        N/A       58%         3
 Mephitic Cloud           Conj/Pois/Air  11%        N/A       58%         3
 Petrify                  Tmut/Erth      22%        N/A       63%         4
 Silence                  Hex/Air        15%        N/A       67%         5
 Yara's Violent Unravell  Hex/Tmut       15%        3d8       67%         5
 Olgreb's Toxic Radiance  Pois           11%        N/A       94%         4
 Passage of Golubria      Tloc           11%        N/A       94%         4
 Sticky Flame             Conj/Fire      11%        2d3       94%         4
 Agony                    Necr           11%        N/A       100%        5
 Blade Hands              Tmut           5%         N/A       100%        5
 Fireball                 Conj/Fire      5%         3d5       100%        5
 Freezing Cloud           Conj/Ice/Air   6%         6-21      100%        5
 Irradiate                Conj/Tmut      5%         3d13      100%        5
 Plasma Beam              Fire/Air       5%         2x1d17    100%        6
 Starburst                Conj/Fire      5%         6d4       100%        6
 Orb of Destruction       Conj           5%         9d5       100%        7
 Ozocubu's Refrigeration  Ice            6%         4d8       100%        7
 Spellforged Servitor     Conj/Summ      5%         N/A       100%        7
 Ignition                 Fire           5%         3d4       100%        8
 Lehudib's Crystal Spear  Conj/Erth      11%        10d4      100%        8
 Polar Vortex             Ice            6%         N/A       100%        9
 Simulacrum               Ice/Necr       Unusable   N/A       N/A         6

Dungeon Overview and Level Annotations

Branches:
Dungeon (15/15)            Temple (1/1) D:4            Lair (5/5) D:10
  Swamp (0/4) Lair:3        Snake (0/4) Lair:2        Slime (0/5) Lair:4
    Orc (2/2) D:9             Elf (0/3) Orc:2        Vaults (0/5) D:14
 Depths (0/4) D:15          Sewer (visited)           IceCv (visited)
Gauntlet (visited)

Altars:
Ashenzari
Cheibriados
Dithmenos
Elyvilon
Fedhas
Gozag
Hepliaklqana
Makhleb
Nemelex Xobeh
Okawaru
Qazlal
Ru
Sif Muna
Trog
Uskayaw
Vehumet
Wu Jian
Xom
Yredelemnul
Zin
The Shining One
Jiyva

Shops:
D:2 [   D:7 :*!   D:10 (([=((   Orc:2 =![*

Portals:
Pandemonium: Orc:2

Annotations:
D:11 exclusion: downstairs
D:12 exclusion: downstairs, Urug
D:13 exclusion: downstairs
Lair:4 1 runed translucent door


Message History

You climb upwards.
Welcome back to the Lair of Beasts!
There is a staircase to the Swamp, spattered with blood here.
You sock the water nymph!
You feel better.
The water nymph is moderately wounded.
The water nymph touches you. The water nymph drowns you!
You miss the water nymph.
The water nymph is moderately wounded.
You sock the water nymph!
You feel better.
The water nymph is severely wounded.
The water nymph touches you. The water nymph drowns you!
The water nymph's watery aura covers the staircase to the Swamp.
Splash!
You fall into the shallow water.
Moving in this stuff is going to be slow.
You hit the water nymph.
You feel better.
The water nymph is almost dead.
The bunyip claws you! x2; The bunyip claws you!!
The water nymph touches you. The water nymph drowns you!
* * * LOW HITPOINT WARNING * * *
You barely miss the water nymph.
The water nymph is severely wounded.
Unknown command.
As you read the scroll of fear, it crumbles to dust.
You assume a fearsome visage.
The bunyip looks frightened!
The water nymph looks frightened!
You rampage towards the water nymph!
Cornered, the bunyip turns to fight!
The water nymph prays for help.
The water nymph casts a spell at you. The water swirls and strikes you!!!
* * * LOW HITPOINT WARNING * * *
You rampage towards the water nymph!
You closely miss the water nymph.
The water nymph is severely wounded.
The water nymph seems to regain its courage.
Cornered, the water nymph turns to fight!
The water nymph casts a spell at you. The water swirls and strikes you!
* * * LOW HITPOINT WARNING * * *
The water nymph touches you. The water nymph drowns you!
You die...
Your body crumbles into a pile of gold.

......#..#..♣♣♣♣♣♣..#### #...
.PPP.....#..♣♣≈~~♣♣## ##...
..~~P..>##..♣♣§§§≈♣ #....
.P~~P...##..♣♣§§§§♣ #....
..~≈P.......♣♣§§§§♣ #######....
.PPPP.......♣♣~§§♣♣####.##.###...
......##..##♣♣♣~♣♣..#..#..#.##...
.###..##### #~~..P........#####
###..## ##m@...........# #
.#.#.## #~~~...........# ......#
#.....#.#..P...# .....##
#........~≈~...# .....##
##......~≈~≈~..# ......#
#....P..#≈≈~#..# ##...##
##...PP..#P~P..##### #.#...#
#..###.........##.# .######
#..P##.............


You could see a water nymph.

Vanquished Creatures
  Jorgrun (D:13)
  Frances (D:12)
  2 orc warlords (Orc:2)
  An eleionoma (Lair:3)
  Nessos (D:13)
  Azrael (D:12)
  A minotaur (Gauntlet)
  Snorg (D:13)
  A fire dragon (D:15)
  Fannar (D:11)
  An ice dragon (D:15)
  A rakshasa (D:14)
  4 hydras
  2 catoblepae
  5 centaur warriors
  An ogre mage (D:14)
  Erica (D:9)
  2 demonspawn (Orc:2)
  4 boulder beetles
  3 two-headed ogres
  7 orc high priests (Orc:2)
  A soul eater (Orc:2)
  Amaemon (D:8)
  A deep elf knight (D:14)
  4 skysharks
  3 sixfirhies (Orc:2)
  A goliath frog (Lair:5)
  A skeletal warrior (D:14)
  An orange crystal statue (Gauntlet)
  A spriggan druid (Swamp:1)
  3 lindwurms (Lair:4)
  3 bog bodies
  5 orc knights
  8 orc sorcerers
  7 cyclopes
  2 deep elf zephyrmancers (D:14)
  22 ugly things
  A deep elf pyromancer (D:15)
  3 manticores
  A salamander (Lair:2)
  4 elephants (Lair:5)
  An ice statue (IceCv)
  4 black mambas
  A black mamba (shapeshifter) (D:14)
  A gargoyle (D:12)
  16 cane toads
  A rime drake (Lair:3)
  3 centaur skeletons (D:14)
  Psyche (D:8)
  Maggie (D:6)
  8 komodo dragons
  An anaconda simulacrum (IceCv)
  A freezing wraith (IceCv)
  A kobold demonologist (D:13)
  2 ice devils (D:11)
  7 trolls
  A queen bee (Gauntlet)
  A hellwing (Orc:2)
  2 hornets
  5 tyrant leeches
  16 blink frogs
  A tarantella (shapeshifter) (D:15)
  10 slime creatures
  Sigmund (D:5)
  2 dire elephant simulacra (IceCv)
  A shadow (D:9)
  A vampire (D:9)
  3 wyverns
  2 wraiths
  8 basilisks
  36 yaks
  3 fire elementals (D:12)
  A steam dragon (D:8)
  13 vampire mosquitoes
  2 death yak simulacra (IceCv)
  5 wargs
  A harpy simulacrum (IceCv)
  2 swamp worms (Lair:3)
  An acid dragon (D:13)
  5 hell hounds (D:12)
  12 water moccasins
  3 black bears
  3 sky beasts
  25 orc warriors
  2 ice beasts
  7 wolves
  10 ogres
  6 centaurs
  5 kobold brigands
  12 bullfrogs
  A gnoll sergeant (Orc:2)
  4 cane toad simulacra (IceCv)
  A two-headed ogre simulacrum (IceCv)
  12 wights
  7 killer bees
  An elephant simulacrum (IceCv)
  An electric eel (Lair:5)
  4 howler monkeys (D:9)
  2 lava snakes (Lair:2)
  3 hounds
  4 jellies
  21 orc priests
  Ijyb (D:4)
  2 iguanas (D:5)
  2 sleepcaps (D:6)
  Terence (D:2)
  11 orc wizards
  4 troll simulacra (IceCv)
  A boggart skeleton (D:14)
  4 polar bear simulacra (IceCv)
  A spriggan simulacrum (IceCv)
  4 wolf simulacra (IceCv)
  Robin (D:3)
  5 gnolls (Orc:2)
  7 adders
  7 naga simulacra (IceCv)
  3 river rats (Sewer)
  10 white imps
  8 ufetubi
  3 dart slugs
  62 orcs
  2 bats (D:1)
  10 endoplasms
  2 giant cockroaches (D:1)
  11 hobgoblins
  6 jackals
  2 quokkas
  14 ball pythons
  11 frilled lizards
  17 goblins
  22 kobolds
  34 rats
701 creatures vanquished.

Vanquished Creatures (collateral kills)
  2 slime creatures (D:14)
  An orc warrior (D:6)
  A bullfrog (Sewer)
  An orc wizard (Orc:2)
  An adder (D:6)
  3 orcs
  A ball python (Sewer)
  2 frilled lizards (Sewer)
12 creatures vanquished.

Vanquished Creatures (others)
  A bloated husk (Swamp:1)
  A blink frog (Lair:5)
  3 dancing weapons (Orc:2)
  2 water moccasins (D:6)
  A black bear (D:5)
  A jelly (D:5)
  An orc priest (D:6)
  2 orc wizards
  An orc (Orc:2)
13 creatures vanquished.

Grand Total: 726 creatures vanquished

Notes
Turn   | Place    | Note
-------+----------+-------------------------------------------
     0 | D:1      | H0rd4k the Human Artificer began the quest for the Orb.
     0 | D:1      | Reached XP level 1. HP: 15/15 MP: 1/1
   138 | D:1      | Reached XP level 2. HP: 14/21 MP: 2/2
   458 | D:1      | Reached XP level 3. HP: 13/26 MP: 3/3
  1276 | D:2      | Reached skill level 1 in Maces & Flails
  1312 | D:2      | Reached XP level 4. HP: 28/32 MP: 4/4
  1642 | D:2      | Found Vesiy's Antique Armour Shop.
  1734 | D:2      | Noticed Terence
  1743 | D:2      | Found a hazy altar of Hepliaklqana.
  2586 | D:3      | Reached XP level 5. HP: 38/38 MP: 5/5
  3214 | D:4      | Noticed Robin
  3343 | D:3      | Killed Robin
  3388 | D:4      | Found a radiant altar of Vehumet.
  3490 | D:4      | Found an iron altar of Okawaru.
  3650 | D:4      | Noticed Ijyb
  3656 | D:4      | Killed Ijyb
  3853 | D:4      | Found a staircase to the Ecumenical Temple.
  4165 | Temple   | Entered the Ecumenical Temple
  4228 | Temple   | Became a worshipper of Gozag Ym Sagoz the Greedy
  4246 | D:5      | Entered Level 5 of the Dungeon
  4329 | D:5      | Found a shimmering altar of Xom.
  4367 | D:5      | Reached XP level 6. HP: 38/44 MP: 6/6
  4423 | D:5      | Noticed an ice beast
  4428 | D:5      | Killed an ice beast
  4489 | D:5      | Noticed a wraith
  4576 | D:5      | Reached skill level 1 in Shields
  4901 | D:5      | Noticed Sigmund
  4906 | D:5      | Reached XP level 7. HP: 40/50 MP: 7/7
  4913 | D:5      | Reached skill level 1 in Spellcasting
  4913 | D:5      | Killed Sigmund
  5256 | D:5      | Reached XP level 8. HP: 57/57 MP: 10/10
  5501 | D:6      | Reached skill level 5 in Evocations
  5666 | D:6      | Noticed Maggie
  5860 | D:6      | Found a hide-covered altar of Uskayaw.
  5862 | D:6      | Found a hazy altar of Hepliaklqana.
  5865 | D:6      | Found a blossoming altar of Fedhas.
  5932 | D:6      | Found a glowing drain.
  5937 | Sewer    | Entered a sewer
  7104 | D:7      | Reached XP level 9. HP: 64/64 MP: 13/13
  7252 | D:2      | Bought a heavily runed chain mail for 218 gold pieces
  7252 | D:2      | Identified the +0 chain mail "Vaenutyt" {Regen+} (You
                  | bought it in a shop on level 2 of the Dungeon)
  7252 | D:2      | Bought a glowing helmet for 172 gold pieces
  7305 | D:2      | Killed Terence
  7555 | D:6      | Killed Maggie
  7556 | D:6      | Reached skill level 5 in Maces & Flails
  7556 | D:6      | Reached skill level 1 in Throwing
  8184 | D:7      | Found a sparkling altar of Nemelex Xobeh.
  8210 | D:7      | Found Torergh's Assorted Antiques.
  8609 | D:7      | Found a shadowy altar of Dithmenos.
  8674 | D:7      | Identified 2 scrolls of acquirement
  8674 | D:7      | Acquired a manual of Fighting
  8676 | D:7      | Acquired the +3 pair of gauntlets of War {Slay+5}
  8676 | D:7      | Found the +3 pair of gauntlets of War {Slay+5}
  8729 | D:7      | Found Aci Uleg's Book Boutique.
  8750 | D:7      | Found Izid's Distillery.
  9006 | D:8      | Reached XP level 10. HP: 30/73 MP: 16/16
  9152 | D:8      | Reached skill level 5 in Fighting
  9519 | D:8      | Noticed Psyche
  9899 | D:8      | Killed Psyche
  9900 | D:8      | Reached skill level 5 in Dodging
  9942 | D:8      | Found a glowing golden altar of the Shining One.
  9989 | D:8      | Reached skill level 5 in Spellcasting
 10151 | D:9      | Noticed Amaemon
 10152 | D:9      | Noticed an orange demon
 10167 | D:8      | Killed Amaemon
 10461 | D:9      | Reached XP level 11. HP: 84/84 MP: 19/19
 10496 | D:9      | Noticed Erica
 10515 | D:9      | Killed Erica
 10586 | D:9      | Found a staircase to the Orcish Mines.
 10645 | D:10     | Entered Level 10 of the Dungeon
 10645 | D:10     | Noticed a two-headed ogre
 10651 | D:10     | Killed a two-headed ogre
 10652 | D:10     | Reached skill level 10 in Maces & Flails
 10716 | D:10     | Noticed a cyclops
 10724 | D:10     | Killed a cyclops
 11165 | D:10     | Found a staircase to the Lair.
 11187 | D:10     | Found Usogobb's Hydra Hut.
 11189 | D:10     | Noticed a four-headed hydra
 11454 | D:10     | Learned a level 3 spell: Tukima's Dance
 11499 | D:11     | Found a frozen archway.
 11582 | D:11     | Noticed Fannar
 11609 | IceCv    | Entered an ice cave
 11777 | IceCv    | Reached skill level 1 in Hexes
 11925 | IceCv    | HP: 4/86 [something (23)]
 12607 | IceCv    | HP: 1/87 [anaconda simulacrum (15)]
 12753 | IceCv    | Noticed a bog body
 12764 | IceCv    | Noticed a bog body
 12767 | IceCv    | Killed a bog body
 12773 | IceCv    | Killed a bog body
 12774 | IceCv    | Reached XP level 12. HP: 14/94 MP: 22/22
 13125 | IceCv    | Reached skill level 5 in Shields
 13675 | IceCv    | Identified the staff of fire "Sovviafa" {rF+ Str+2}
 13680 | IceCv    | Got Fune's Catalogue of Congelation
 14109 | D:11     | Noticed a boulder beetle
 14124 | D:11     | Killed a boulder beetle
 14459 | D:11     | Identified the +0 robe "Xedeusie" {rElec rPois}
 14758 | D:12     | Reached skill level 10 in Fighting
 15100 | D:12     | Noticed Azrael
 15118 | D:12     | Killed Azrael
 15145 | D:12     | Reached XP level 13. HP: 28/103 MP: 24/24
 15211 | D:12     | Noticed Urug
 15576 | D:12     | Noticed Frances
 15681 | D:13     | You fall into a shaft and drop 2 floors!
 15681 | D:15     | Entered Level 15 of the Dungeon
 15813 | D:15     | Reached skill level 5 in Hexes
 15864 | D:15     | Noticed a centaur warrior
 15888 | D:15     | Noticed a fire dragon
 15919 | D:15     | Killed a centaur warrior
 15941 | D:15     | Noticed a centaur warrior
 15965 | D:15     | Killed a centaur warrior
 16145 | D:13     | Noticed Nessos
 16161 | D:13     | Killed Nessos
 16215 | D:13     | Noticed Jorgrun
 16215 | D:13     | Noticed Snorg
 16583 | D:10     | Bought a +2 pair of boots of rampaging for 344 gold pieces
 16631 | Lair:1   | Entered Level 1 of the Lair of Beasts
 17078 | Lair:1   | Learned a level 1 spell: Sandblast
 17444 | Lair:2   | Noticed a catoblepas
 17457 | Lair:2   | Killed a catoblepas
 17497 | Lair:2   | Reached skill level 1 in Earth Magic
 17763 | Lair:2   | Learned a level 2 spell: Ensorcelled Hibernation
 17807 | Lair:2   | Noticed an eight-headed hydra
 17827 | Lair:2   | Killed an eight-headed hydra
 18357 | Lair:2   | Found a staircase to the Snake Pit.
 18375 | Lair:2   | Reached XP level 14. HP: 97/114 MP: 26/26
 18534 | Lair:3   | Learned a level 4 spell: Leda's Liquefaction
 18563 | Lair:3   | Found a staircase to the Swamp.
 19513 | Lair:4   | Found a runed translucent door.
 19515 | Lair:4   | Found a viscous altar of Jiyva.
 19515 | Lair:4   | Found a staircase to the Slime Pits.
 20276 | Lair:5   | Entered Level 5 of the Lair of Beasts
 20364 | Lair:5   | Found a gate leading to a gauntlet.
 20384 | Gauntlet | Entered a Gauntlet
 20384 | Gauntlet | Found a transporter.
 20384 | Gauntlet | Found a transporter.
 20408 | Gauntlet | Found a transporter.
 20413 | Gauntlet | Found a transporter.
 20421 | Gauntlet | Found a transporter.
 20425 | Gauntlet | Found a transporter.
 20430 | Gauntlet | Noticed a cacodemon
 20434 | Gauntlet | Found a transporter.
 20450 | Gauntlet | Found a transporter.
 20464 | Gauntlet | Found a transporter.
 20468 | Gauntlet | Found a transporter.
 20476 | Gauntlet | Found a transporter.
 20480 | Gauntlet | Found a transporter.
 20481 | Gauntlet | Found a runed translucent door.
 20718 | Gauntlet | Identified the staff of conjuration "Zamoysio" {Fly Will+
                  | Dex+3}
 20736 | Gauntlet | Identified the +4 hat "Nyl Pehi" {rPois MP+9 Str+3 Dex-3}
 20744 | Gauntlet | Identified the +1 scale mail of Yredelemnul, Summoning
                  | {-Tele Dex+3}
 20806 | Gauntlet | Identified the +8 hand axe of Tenacity {venom, *Noise
                  | +Blink rElec rCorr}
 20806 | Gauntlet | Noticed a minotaur
 20820 | Gauntlet | Killed a minotaur
 20833 | Gauntlet | Identified the +0 helmet of Wasted Space {rN+}
 20901 | Lair:5   | HP: 5/118 [blink frog (9)]
 21316 | Lair:5   | Reached XP level 15. HP: 124/124 MP: 28/28
 22073 | D:10     | Bought a faintly glowing flail for 204 gold pieces
 22073 | D:10     | Identified the +6 flail of H0rd4k's Peril {venom, Str+9
                  | Dex-2} (You bought it in a shop on level 10 of the Dungeon)
 22073 | D:10     | Bought a brightly glowing short sword for 192 gold pieces
 22073 | D:10     | Identified the +0 short sword of H0rd4k's Certain Death
                  | {vamp, rN++ Will- Int+4} (You bought it in a shop on level
                  | 10 of the Dungeon)
 22073 | D:10     | Bought a smouldering hand axe for 192 gold pieces
 22073 | D:10     | Identified the +7 hand axe of the Riding Gods {flame,
                  | Contam rF+ Str+4 Stlth+} (You bought it in a shop on level
                  | 10 of the Dungeon)
 22814 | Orc:1    | Entered Level 1 of the Orcish Mines
 23129 | Orc:2    | Entered Level 2 of the Orcish Mines
 23176 | Orc:2    | Found Mumemiere's General Store.
 23176 | Orc:2    | Found Irupp's Distillery.
 23458 | Orc:2    | Bought a potion of might for 68 gold pieces
 23783 | Orc:2    | Reached skill level 10 in Spellcasting
 23862 | Orc:2    | Found Zueffeos's Jewellery Emporium.
 23862 | Orc:2    | Found Osee's Antique Armour Shoppe.
 23863 | Orc:2    | Found a one-way gate leading to the halls of Pandemonium.
 23878 | Orc:2    | Bought the amulet "Piudgham" {rF+ Regen+ Str+4 Slay+3
                  | Stlth+} for 881 gold pieces
 23890 | Orc:2    | Bought a garnet-encrusted chain mail for 313 gold pieces
 23890 | Orc:2    | Identified the +0 chain mail of Sloth {rPois Int+3} (You
                  | bought it in a shop on level 2 of the Orcish Mines)
 23931 | Orc:2    | Paralysed by an orc sorcerer for 3 turns
 24053 | Orc:2    | Noticed an orc warlord
 24116 | Orc:2    | Killed an orc warlord
 24287 | Orc:2    | Noticed an orc warlord
 24325 | Orc:2    | Killed an orc warlord
 24334 | Orc:2    | Paralysed by an orc sorcerer for 3 turns
 24357 | Orc:2    | Reached skill level 15 in Maces & Flails
 24536 | Orc:2    | Found a staircase to the Elven Halls.
 25802 | D:11     | Killed Fannar
 25911 | D:13     | Found a snail-covered altar of Cheibriados.
 26339 | D:13     | Reached XP level 16. HP: 96/129 MP: 30/30
 26448 | D:13     | Killed Jorgrun
 26449 | D:13     | Reached skill level 15 in Fighting
 26526 | D:13     | Killed Snorg
 26927 | D:14     | Reached skill level 5 in Earth Magic
 27126 | D:14     | Acquired 954 gold pieces
 27129 | D:14     | Found a hide-covered altar of Uskayaw.
 27358 | D:14     | Paralysed by an ogre mage for 2 turns
 27898 | D:14     | Found a gate to the Vaults.
 28312 | D:15     | Found a staircase to the Depths.
 28642 | D:12     | Killed Frances
 29807 | Swamp:1  | Entered Level 1 of the Swamp
 29955 | Lair:3   | Drowned by a water nymph

Illustrated notes

Levels and vault maps discovered:
D:1:      wander_arrival_estate, layout_basic
D:2:      cheibrodos_helix_gallery, layout_basic, serial_shops, shop,
          basic_altar, uniq_terence
D:3:      layout_loops_corners, serial_co_window_serial, co_window_corner_a,
          co_window_of_opportunity_a, co_window_corner_a, co_window_paths_b,
          co_window_paths_a, co_window_broadway_b, co_window_unsneaky_path_c,
          co_window_2corner, co_window_4corner_a, co_window_4corner_b,
          glass_columns_a, glass_columns_c, glass_columns_a, glass_columns_b,
          glass_columns_b
D:4:      layout_basic, lemuel_tele_altar, okawaru_ov_weapons_minmay,
          minmay_temple_entry_mini_moons, uniq_ijyb, uniq_robin
D:5:      layout_basic, kennysheep_mini, serial_curves, eino_curves_03,
          eino_curves_03, uniq_sigmund
D:6:      layout_cave_pools, grunt_temple_overflow_open, portal_sewer_entry_e,
          uniq_maggie
D:7:      layout_loops_corners, grunt_dithmenos_smoke,
          nemelex_diamond_rough_becter, serial_shops,
          nicolae_shop_window_shopping, nicolae_book_shop_shelving, shop
D:8:      wander_river, layout_cave_pods, nicolae_tso_swordbearing_angel,
          special_room [special_room_orc], uniq_psyche
D:9:      layout_stronghold, orc_0_dummy, uniq_amaemon, uniq_erica
D:10:     layout_roguey, lair_entry_dummy, minmay_misc_feat_rugged,
          doesnt_shop_hydraphobe
D:11:     layout_layer_cave, portal_ice_cave_demonic_guard, uniq_fannar
D:12:     layout_irregular_city, uniq_urug, uniq_azrael, uniq_frances
D:13:     layout_stronghold, cheibriados_altar_1, uniq_jorgrun, uniq_nessos,
          uniq_snorg
D:14:     layout_loops_ring, hangedman_vaults_entry_quadrant_bands,
          fountainhead, eat_drink_and_be_merry_uskayaw
D:15:     grunt_enter_depths_hoard, layout_loops_ring, serial_bayou_shore_b
Temple:   nicolae_temple_god_jail
Lair:1:   layout_small_grid, grunt_megastairs_1
Lair:2:   layout_regular_city, nicolae_snake_entry_warm_welcome, st_stairs_7,
          serial_bayou_shore_b
Lair:3:   layout_gridlike, minmay_swamp_entry_worms
Lair:4:   layout_hall_layers, slime_entry_2, chequers_serial_rivers_large_a,
          nicolae_lair_lindhole, lemuel_fruit_tree
Lair:5:   minmay_lair_end_frog_pond, layout_loops_ring, gauntlet_entry_generic
Swamp:1:  layout_basic_swamp, evilmike_swamp_ruin_house_6, swamp_pool4,
          nicolae_swamp_nymph_family_reunion, infiniplex_staircase_pool_2
Orc:1:    layout_caves
Orc:2:    pf_orc_diabolical, layout_diamond_mine

Skill      XL: |  1  2  3  4  5  6  7  8  9 10 11 12 13 14 15 16 |
---------------+-------------------------------------------------+-----
Maces & Flails | 1 2 3 4 6 9 10 12 13 14 15 | 15.6
Dodging        | 2 3 4 5 6 7 |  7.6
Fighting       | 2 3 4 7 8 10 11 13 14 15 | 15.7
Stealth        | 2 3 4 |  4.4
Evocations     | 4 5 6 7 |  7.0
Shields        | 1 2 4 5 6 7 |  7.3
Spellcasting   | 1 2 4 5 6 7 8 9 10 11 | 11.3
Throwing       | 1 2 3 |  3.5
Hexes          | 2 4 6 7 9 |  9.5
Earth Magic    | 1 4 5 |  5.2
Armour         | |  2.0
Ice Magic      | |  0.4

Action                     |  1- 3 |  4- 6 |  7- 9 | 10-12 | 13-15 | 16-18 || total
---------------------------+-------+-------+-------+-------+-------+-------++-------
  Melee: Club              |   235 |   200 |    31 |       |       |       ||   466
         Punch             |       |     2 |     3 |    14 |    18 |       ||    37
         Flail             |       |       |   396 |   563 |  1223 |   358 ||  2540
  Throw: Dart              |       |       |    12 |    14 |    27 |     5 ||    58
   Cast: Tukima's Dance    |       |       |       |       |     6 |     4 ||    10
         Ensorcelled Hiber |       |       |       |       |     6 |       ||     6
         Leda's Liquefacti |       |       |       |       |     5 |     9 ||    14
         Sandblast         |       |       |       |       |     3 |     1 ||     4
 Invoke: Call Merchant     |       |       |       |       |     3 |     2 ||     5
Ability: Evoke Invisibilit |       |       |     2 |       |       |       ||     2
  Evoke: Wand              |       |    25 |    46 |    25 |    10 |     1 ||   107
         Box of beasts     |       |       |       |       |     3 |       ||     3
    Use: Potion            |       |       |     5 |     9 |     2 |     1 ||    17
         Scroll            |       |       |    16 |    13 |    11 |     5 ||    45
   Stab: Sleeping          |     3 |     5 |       |       |     1 |       ||     9
         Distracted        |       |     1 |       |     1 |     2 |     2 ||     6
         Invisible         |       |       |       |     2 |       |       ||     2
 Armour: Leather armour    |    87 |    51 |    98 |       |       |       ||   236
         Chain mail        |       |       |    86 |   205 |   489 |   143 ||   923
         Skin              |       |       |       |     2 |       |       ||     2
         Scale mail        |       |       |       |       |    13 |       ||    13
  Dodge: Dodged            |   162 |   124 |   259 |   189 |   410 |    94 ||  1238
  Block: Other             |       |    33 |   144 |    96 |   133 |       ||   406
         Reflection        |       |     2 |     4 |     1 |     5 |       ||    12
         Orb               |       |       |       |       |    26 |       ||    26
